 Dungeon Crawl Stone Soup version 0.30-a0-937-ga0a21ad780 (webtiles) character file.

Game seed: 16573702632598065521

211 dolemite99 the Chopper (level 5, -2/45 HPs)
             Began as a Minotaur Fighter on Mar 24, 2023.
             Succumbed to Dowan's poison
             ... on level 4 of the Dungeon.
             The game lasted 00:01:57 (3166 turns).

dolemite99 the Chopper (Minotaur Fighter)           Turns: 3166, Time: 00:01:58

Health: -2/45      AC: 14    Str: 21 (22) XL:     5   Next: 57%
Magic:  4/4        EV:  5    Int:  2 (5)  God:
Gold:   204        SH:  4    Dex:  8 (10) Spells: 4/4 levels left

rFire   . . .      SeeInvis .    a - +0 war axe
rCold   . . .      Faith    .    c - +0 buckler
rNeg    . . .      Spirit   .    m - +0 plate armour
rPois   .          Reflect  .    (helmet restricted)
rElec   .          Rampage  .    (no cloak)
rCorr   .                        q - +2 pair of gloves
Will    .....                    (no boots) Stlth
                                 (no amulet)
HPRegen 0.27/turn                (no ring)
MPRegen 0.09/turn                (no ring)

@: mighty, lethally poisoned (-2 -> -33), attractive
A: horns 2, retaliatory headbutt
a: no special abilities


You were on level 4 of the Dungeon.
You visited 1 branch of the dungeon, and saw 4 of its levels.

You collected 204 gold pieces.

Inventory:

Hand Weapons
 a - a +0 war axe (weapon)
 x - a +2 flail of holy wrath
Missiles
 u - 8 boomerangs (quivered)
Armour
 b - a +0 scale mail
 c - a +0 buckler (worn)
 m - a +0 plate armour (worn)
 q - a +2 pair of gloves (worn)
Magical Staves
 i - a staff of air
Jewellery
 t - the ring of Kikubaaqudgha's Anger {rF- rC+ Int+2 Dex+6}
   (You found it on level 2 of the Dungeon)

   [ring of dexterity]

   Int:       It affects your intelligence (+2).
   Dex:       It affects your dexterity (+6).
   rF:        It makes you vulnerable to fire.
   rC:        It protects you from cold.
Wands
 v - a wand of iceblast (6)
 z - a wand of flame (20)
 D - a wand of digging (5)
Scrolls
 e - a scroll of enchant weapon {unknown}
 f - a scroll of brand weapon {unknown}
 h - 2 scrolls of noise {unknown}
 k - 2 scrolls of poison {unknown}
 l - a scroll of fear {unknown}
 n - a scroll of identify {unknown}
 o - 2 scrolls of immolation {unknown}
 r - a scroll of teleportation {unknown}
 y - 2 scrolls of amnesia {unknown}
 C - a scroll of acquirement {unknown}
Potions
 d - 2 potions of might
 w - a potion of cancellation {unknown}
 A - 2 potions of flight {unknown}
 B - 2 potions of mutation {unknown}


   Skills:
 - Level 3.6 Fighting
 + Level 7.1 Axes
 - Level 3.6 Armour
 - Level 3.6 Shields


You had 4 spell levels left.
You didn't know any spells.
Your spell library contained the following spells:

 Spells                   Type           Power      Damage    Failure   Level
 Ignite Poison            Fire/Tmut/Pois 0%         N/A       100%        3
 Kindle Blastsparks       Fire/Tloc/Air  0%         2d10      100%        3
 Freezing Cloud           Conj/Ice/Air   0%         6-21      100%        5


Dungeon Overview and Level Annotations

Branches:
Dungeon (4/15)
 Temple: D:4-7

Altars:
Jiyva

Annotations:
D:1 2 runed translucent doors
D:4 Dowan


Innate Abilities, Weirdness & Mutations

You have a pair of horns on your head.
You reflexively headbutt those who attack you in melee.


Message History

* * * LOW HITPOINT WARNING * * *
You are more poisoned.
You feel better.
Dowan breathes, "And she was my only..."
Dowan mumbles some strange words.
Dowan blinks!
You feel much better.
Dowan hits you with a +2 dagger of venom.
You are poisoned.
Things that are here:
a +0 short sword of venom; a +0 ring mail You barely miss Dowan.
You feel very sick. Dowan hits you but does no damage.
You are more poisoned.
Dowan hits you but does no damage.
You are more poisoned.
You barely miss Dowan. You headbutt Dowan!
Dowan is moderately wounded.
You feel extremely sick.
Dowan hits you with a +2 dagger of venom!
You are lethally poisoned!
Dowan hits you with a +2 dagger of venom.
You closely miss Dowan.
Dowan is moderately wounded.
* * * LOW HITPOINT WARNING * * *
You feel extremely sick. You block Dowan's attack.
It was a potion of attraction.
You feel attractive to monsters.
* * * LOW HITPOINT WARNING * * *
You feel very sick.
Dowan hits you with a +2 dagger of venom.
* * * LOW HITPOINT WARNING * * *
You are more poisoned.
You block Dowan's attack.
It was a potion of degeneration.
There was something very wrong with that liquid.
You feel weakened.
You feel dopey.
You feel clumsy.
You die...

..# #.....# ..##
.# ####.## ###
##.## #.#
#...##########.#
.....#.........#
#e.e #.#########
#.. #.# #.####.#
#..e@..#
########


You could see Dowan (fast).

Vanquished Creatures
  Duvessa (D:4)
  3 adders
  3 dart slugs
  2 worms
  4 orcs (D:3)
  3 ball pythons
  12 endoplasms
  2 giant cockroaches
  7 goblins
  6 hobgoblins
  5 jackals
  A quokka (D:1)
  5 bats
  5 frilled lizards
  3 kobolds
  4 rats
66 creatures vanquished.

Notes
Turn   | Place    | Note
-------+----------+-------------------------------------------
     0 | D:1      | dolemite99 the Minotaur Fighter began the quest for the
                  | Orb.
     0 | D:1      | Reached XP level 1. HP: 19/19 MP: 0/0
    22 | D:1      | Reached skill level 3 in Axes
   204 | D:1      | Reached XP level 2. HP: 26/26 MP: 1/1
   549 | D:1      | Reached skill level 4 in Axes
   845 | D:1      | Found a large runed translucent door.
   845 | D:1      | Found a large runed translucent door.
   845 | D:1      | Found a viscous altar of Jiyva.
  1132 | D:2      | Reached XP level 3. HP: 31/31 MP: 2/2
  1830 | D:2      | Reached skill level 5 in Axes
  1844 | D:2      | Identified the ring of Kikubaaqudgha's Anger {rF- rC+ Int+2
                  | Dex+6}
  2415 | D:3      | Reached XP level 4. HP: 39/39 MP: 3/3
  2621 | D:3      | Identified the +1 ring mail "Lifa" {Rampage Str+3}
  2844 | D:3      | Found a faded altar of an unknown god.
  3052 | D:4      | Reached skill level 6 in Axes
  3142 | D:4      | Noticed Duvessa
  3142 | D:4      | Noticed Dowan
  3151 | D:4      | Killed Duvessa
  3152 | D:4      | Reached skill level 7 in Axes
  3152 | D:4      | Reached XP level 5. HP: 9/45 MP: 4/4
  3166 | D:4      | Succumbed to Dowan's poison

Illustrated notes

Levels and vault maps discovered:
D:1:      erik_arrival_cave_to_civilisation [erik_arrival_cave_to_temple],
          layout_basic
D:2:      layout_loops_ring, kennysheep_generic_room_6
D:3:      layout_basic, shapermc_ecumenical_altar_venn, wad_rectangle_vault
D:4:      minmay_octagon_keep, layout_loops_corners, minmay_close_crescents,
          uniq_duvessa

Skill      XL: |  1  2  3  4 |
---------------+-------------+-----
Axes           | 3 4 5 7 |  7.1
Fighting       | |  3.6
Armour         | |  3.6
Shields        | |  3.6

Action                     |  1- 3 |  4- 6 || total
---------------------------+-------+-------++-------
  Melee: War axe           |    76 |    55 ||   131
         Headbutt          |    13 |     9 ||    22
  Throw: Boomerang         |       |    13 ||    13
    Use: Potion            |       |     7 ||     7
 Armour: Scale mail        |    18 |       ||    18
         Plate armour      |    45 |    51 ||    96
  Dodge: Dodged            |    34 |    14 ||    48
  Block: Buckler           |    19 |    16 ||    35

Table legend: (Time is in decaauts)
 A = Elapsed time spent in this place.
 B = Non-inter-level travel time spent in this place.
 C = Inter-level travel time spent in this place.
 D = Time resting spent in this place.
 E = Time spent auto-exploring this place.
 F = Levels seen in this place.
 G = Mean time per level.
                   A        B        C        D        E       F      G
               +--------+--------+--------+--------+--------+-----+--------+
         Total |   3208 |   2961 |    247 |    228 |   2274 |   4 |  802.0 |
       Dungeon |   3208 |   2961 |    247 |    228 |   2274 |   4 |  802.0 |
               +--------+--------+--------+--------+--------+-----+--------+

Top non-repeatable levels by time:
     D:1: 1139 daAuts
     D:2: 1083 daAuts
     D:3: 865 daAuts
     D:4: 120 daAuts
